 Dungeon Sprint DCSS version 0.30-a0-368-g86fb4627a9 (webtiles) character file.

Game seed: 16126701299256720110

34042 mhtbhm the Severer (level 13, -2/143 HPs)
             Began as an Armataur Fighter on Nov 18, 2022.
             Was an Initiate of Gozag.
             Slain by a catoblepas (11 damage)
             ... while petrified by a catoblepas
             ... in the Dungeon (Sprint VII: "The Pits") on Nov 19, 2022.
             The game lasted 00:10:00 (3357 turns).

mhtbhm the Severer (Armataur Fighter)               Turns: 3357, Time: 00:10:01

Health: -2/143     AC: 25    Str: 32    XL:     13   Next: 40%
Magic:  0/13       EV:  1    Int: 10    God:    Gozag
Gold:   3374       SH:  0    Dex:  9    Spells: 12/12 levels left

rFire   + . .      SeeInvis .    a - +2 war axe (freeze)
rCold   + + .      Faith    .    c - +0 buckler
rNeg    + + +      Spirit   +    b - +4 plate armour {rC+}
rPois   ∞          Reflect  .    E - +2 hat of the Bear Spirit {Spirit, *Rage Will++}
rElec   +          Harm     .    F - +0 cloak {rPois}
rCorr   +          Roll     +    C - +0 pair of gloves
Will    ++...      Rage     20%  (no barding)
Stlth   .......... NoTele   +    (no amulet)
HPRegen 0.43/turn                n - +3 ring of evasion
MPRegen 0.13/turn                B - +6 ring of strength

@: mighty, resistant, petrified, on berserk cooldown, studying Axes
A: large, rugged brown scales 3, deformed body, armoured tail, roll, long
tongue, awkward tongue
a: Renounce Religion, Potion Petition, Call Merchant, Bribe Branch


You were in the Dungeon.
You worshipped Gozag.
Gozag was most pleased with you.
You visited 1 branch You collected 9817 gold pieces.
You spent 1840 gold pieces at shops.
You paid 4603 gold pieces to Gozag.

Inventory:

Hand Weapons
 a - a +2 war axe of freezing (weapon)
Missiles
 s - 8 poisoned darts (quivered)
 D - 4 boomerangs
Armour
 b - a +4 plate armour of cold resistance (worn)
 c - a +0 buckler (worn)
 C - a +0 pair of gloves (worn)
 E - the +2 hat of the Bear Spirit (worn) {Spirit, *Rage Will++}
   (You bought it in a shop in the Dungeon)

   Going berserk makes the wearer tougher, and they're slowed less afterward.
   *Rage:     It berserks you when you make melee attacks (+20% chance).
   Will:      It greatly increases your willpower.
 F - a +0 cloak of poison resistance (worn)
Jewellery
 n - a +3 ring of evasion (left hand)
 o - a +3 ring of protection
 A - a ring of protection from fire
 B - a +6 ring of strength (right hand)
Scrolls
 l - 6 scrolls of amnesia
 m - a scroll of summoning
 t - 4 scrolls of enchant armour
 u - a scroll of fear
 v - 2 scrolls of enchant weapon
 w - a scroll of identify
 y - a scroll of butterflies
Potions
 d - 2 potions of might
 e - 4 potions of curing
 f - a potion of heal wounds
 g - 2 potions of haste
 h - 4 potions of magic
 i - 5 potions of berserk rage
 k - a potion of invisibility
 p - 2 potions of mutation
 x - 3 potions of brilliance
 z - a potion of resistance


   Skills:
 + Level 17.7 Fighting
 + Level 19.9 Axes
 + Level 2.1 Throwing
 + Level 18.3 Armour
 + Level 7.8 Dodging
 - Level 1.2 Stealth
 + Level 14.0 Shields


You had 12 spell levels left.
You didn't know any spells.
Your spell library was empty.

Dungeon Overview and Level Annotations

Branches:
Dungeon (1/1)

Altars:
Ashenzari
Cheibriados
Dithmenos
Elyvilon
Fedhas
Gozag
Hepliaklqana
Kikubaaqudgha
Makhleb
Nemelex Xobeh
Okawaru
Qazlal
Ru
Sif Muna
Trog
Uskayaw
Vehumet
Wu Jian
Xom
Yredelemnul
Zin
The Shining One
Jiyva
Lugonu

Shops:
D [[(


Innate Abilities, Weirdness & Mutations

You are completely covered in rugged brown scales. (AC +3, +7% HP)
Armour fits poorly on your strangely shaped body.
You have a long armoured tail.
You roll when moving toward enemies. (Rampage)
Your long tongue fully drains potion bottles. (2x potion effects)
Your tongue gives you trouble enunciating. (1.5x scroll delay)


Message History

The orc warlord is engulfed in calcifying dust.
The vampire knight hits you with a +0 war axe!!
* * * LOW HITPOINT WARNING * * *
The vampire knight bites you but does no damage.
Cornered, the orc knight turns to fight!
You are engulfed in calcifying dust.
The vampire knight hits you with a +0 war axe.
* * * LOW HITPOINT WARNING * * *
The vampire knight bites you but does no damage.
The orc warlord is engulfed in calcifying dust.
The catoblepas gores you!!
* * * LOW HITPOINT WARNING * * *
A naga warrior comes into view.
It is wielding a +0 scimitar and wearing a +1 tower shield of protection.
You are engulfed in calcifying dust.
The naga warrior shouts!
The vampire knight is no longer moving quickly.
The orc warlord is no longer petrified.
The vampire knight hits you but does no damage.
The vampire knight bites you but does no damage.
The catoblepas gores you but does no damage.
The vampire knight hits you but does no damage.
The vampire knight bites you but does no damage.
You are engulfed in calcifying dust.
The catoblepas gores you!
* * * LOW HITPOINT WARNING * * *
The basilisk gazes at you. You resist with almost no effort.
The vampire knight completely misses you.
The vampire knight bites you but does no damage.
You are engulfed in calcifying dust.
The orc knight seems to regain its courage.
The catoblepas breathes a plume of calcifying dust at you.
The blast of calcifying dust hits you but does no damage.
The basilisk bites you!
* * * LOW HITPOINT WARNING * * *
The vampire knight hits you but does no damage.
The vampire knight bites you.
* * * LOW HITPOINT WARNING * * *
The catoblepas gores you!!
You die...
Your body crumbles into a pile of gold.

....# $ ....# $ .#..# ....+ ....+
##''#
##''#############################
##.............V.Y...o...........
##.....)........@l.o.............
##..##############oN#############
##..# #......# ##..# #§....$#
##..# #.§p...# . ##..#
...###{Y###.o.. ##..#
.......ooo...l.. ##))#
........oe.co... ##..#
..####..o.####..


You could see an orc warlord (strong, fleeing), a catoblepas, a naga warrior, a
vampire knight, 2 orc knights and a basilisk.

Vanquished Creatures
  2 royal mummies (D)
  A bone dragon (D)
  A Brimstone Fiend (D)
  A deep elf master archer (D)
  A nagaraja (D)
  A fire giant (D)
  An orc warlord (D)
  A vampire knight (D)
  An eidolon (D)
  An ice dragon (D)
  A death knight (D)
  2 naga warriors (D)
  4 hell hogs (D)
  A cherub (D)
  A deep troll (D)
  2 sea snakes (D)
  A swamp dragon (D)
  A bog body (D)
  A flayed ghost (D)
  3 harpies (D)
  A lindwurm (D)
  5 orc knights (D)
  A cyclops (D)
  A gargoyle (D)
  3 black mambas (D)
  A cane toad (D)
  A komodo dragon (D)
  2 freezing wraiths (D)
  A rime drake (D)
  2 demonic crawlers (D)
  An ice devil (D)
  An efreet (D)
  A troll (D)
  2 tyrant leeches (D)
  A polar bear (D)
  A hornet (D)
  Prince Ribbit (D)
  2 snapping turtles (D)
  6 yaks (D)
  2 wraiths (D)
  A wyvern (D)
  A chaos spawn (D)
  A steam dragon (D)
  A large abomination (D)
  2 nagas (D)
  2 orc warriors (D)
  5 wolves (D)
  2 centaurs (D)
  A phantom (D)
  A kobold brigand (D)
  A scorpion (D)
  A gnoll sergeant (D)
  2 quasits (D)
  An iron imp (D)
  A jelly (D)
  An orc priest (D)
  A gnoll bouda (D)
  A hell rat (D)
  2 orc wizards (D)
  12 gnolls (D)
  An adder (D)
  An ufetubus (D)
  12 orcs (D)
  2 bats (D)
  A giant cockroach (D)
  A goblin (D)
  2 hobgoblins (D)
  2 jackals (D)
  2 quokkas (D)
  A ball python zombie (D)
  A jackal skeleton (D)
  2 kobolds (D)
  A rat (D)
133 creatures vanquished.

Vanquished Creatures (others)
  An orc knight (D)
1 creature vanquished.

Grand Total: 134 creatures vanquished

Notes
Turn   | Place    | Note
-------+----------+-------------------------------------------
     0 | D        | mhtbhm the Armataur Fighter began the quest for the Orb.
     0 | D        | Reached XP level 1. HP: 19/19 MP: 1/1
    21 | D        | Found a bloodstained altar of Trog.
    21 | D        | Found a shimmering blue altar of Sif Muna.
    21 | D        | Found a viscous altar of Jiyva.
    21 | D        | Found a hazy altar of Hepliaklqana.
    21 | D        | Found an opulent altar of Gozag.
    22 | D        | Found a glowing golden altar of the Shining One.
    22 | D        | Found a glowing silver altar of Zin.
    22 | D        | Found a basalt altar of Yredelemnul.
    22 | D        | Found a shimmering altar of Xom.
    22 | D        | Found an ornate altar of the Wu Jian Council.
    22 | D        | Found a sacrificial altar of Ru.
    22 | D        | Found a stormy altar of Qazlal.
    22 | D        | Found an iron altar of Okawaru.
    22 | D        | Found a sparkling altar of Nemelex Xobeh.
    22 | D        | Found a burning altar of Makhleb.
    22 | D        | Found a blossoming altar of Fedhas.
    22 | D        | Found a white marble altar of Elyvilon.
    22 | D        | Found a shadowy altar of Dithmenos.
    22 | D        | Found a snail-covered altar of Cheibriados.
    25 | D        | Found a corrupted altar of Lugonu.
    25 | D        | Found a radiant altar of Vehumet.
    26 | D        | Found an ancient bone altar of Kikubaaqudgha.
    26 | D        | Found a hide-covered altar of Uskayaw.
    26 | D        | Found a broken altar of Ashenzari.
    29 | D        | Became a worshipper of Gozag Ym Sagoz the Greedy
    79 | D        | Reached skill level 2 in Axes
    79 | D        | Reached XP level 2. HP: 15/27 MP: 2/2
   157 | D        | Noticed a scorpion
   176 | D        | Killed a scorpion
   177 | D        | Reached skill level 3 in Axes
   177 | D        | Reached skill level 5 in Shields
   177 | D        | Reached XP level 3. HP: 32/36 MP: 3/3
   177 | D        | Reached XP level 4. HP: 39/43 MP: 4/4
   200 | D        | Noticed a phantom
   213 | D        | Killed a phantom
   214 | D        | Reached skill level 5 in Fighting
   214 | D        | Reached skill level 4 in Axes
   214 | D        | Reached XP level 5. HP: 31/51 MP: 5/5
   353 | D        | Reached skill level 5 in Axes
   353 | D        | Reached skill level 1 in Dodging
   366 | D        | Reached skill level 6 in Axes
   444 | D        | Noticed a sea snake
   457 | D        | Killed a sea snake
   458 | D        | Reached skill level 9 in Axes
   458 | D        | Reached skill level 10 in Armour
   458 | D        | Reached skill level 1 in Stealth
   458 | D        | Reached XP level 6. HP: 59/64 MP: 6/6
   458 | D        | Reached XP level 7. HP: 65/70 MP: 7/7
   637 | D        | Noticed Prince Ribbit
   653 | D        | Killed Prince Ribbit
   654 | D        | Reached XP level 8. HP: 48/78 MP: 8/8
   847 | D        | Noticed a rime drake
   857 | D        | Killed a rime drake
   858 | D        | Reached skill level 10 in Axes
  1054 | D        | Noticed an efreet
  1062 | D        | Killed an efreet
  1117 | D        | Noticed a cyclops
  1117 | D        | Noticed a black mamba
  1124 | D        | Killed a cyclops
  1125 | D        | Reached skill level 11 in Axes
  1125 | D        | Reached XP level 9. HP: 80/87 MP: 9/9
  1128 | D        | Noticed an orc knight
  1132 | D        | Killed a black mamba
  1146 | D        | Noticed a cane toad
  1146 | D        | Noticed a sea snake
  1153 | D        | Killed a cane toad
  1154 | D        | Reached skill level 12 in Axes
  1162 | D        | Killed a sea snake
  1162 | D        | Killed an orc knight
  1163 | D        | Reached skill level 10 in Fighting
  1163 | D        | Reached skill level 13 in Axes
  1168 | D        | Reached XP level 10. HP: 80/100 MP: 10/10
  1307 | D        | Noticed a black mamba
  1333 | D        | Killed a black mamba
  1355 | D        | Reached skill level 14 in Axes
  1513 | D        | Noticed a bog body
  1516 | D        | Noticed a naga warrior
  1517 | D        | Noticed a hell hog
  1519 | D        | Noticed a hell hog
  1521 | D        | Noticed a hell hog
  1521 | D        | Noticed an eidolon
  1522 | D        | Noticed a naga warrior
  1522 | D        | Noticed a lindwurm
  1524 | D        | Killed a bog body
  1524 | D        | Noticed a flayed ghost
  1525 | D        | Noticed a hell hog
  1526 | D        | Killed a naga warrior
  1527 | D        | Reached skill level 5 in Dodging
  1527 | D        | Noticed a deep troll
  1529 | D        | Reached skill level 1 in Throwing
  1530 | D        | Killed a lindwurm
  1531 | D        | Reached skill level 15 in Axes
  1531 | D        | Killed a hell hog
  1532 | D        | Reached XP level 11. HP: 85/111 MP: 11/11
  1533 | D        | Killed a hell hog
  1536 | D        | Killed a deep troll
  1537 | D        | Reached skill level 10 in Shields
  1542 | D        | Killed a hell hog
  1544 | D        | Killed a naga warrior
  1545 | D        | Reached skill level 16 in Axes
  1551 | D        | Killed a hell hog
  1577 | D        | Killed a flayed ghost
  1593 | D        | Killed an eidolon
  1987 | D        | Bought a distressingly furry chain mail for 209 gold pieces
  1987 | D        | Identified the +0 chain mail of Etrasagi {*Slow rPois Will+
                  | Str+4} (You bought it in a shop in the Dungeon)
  1988 | D        | Bought a glowing plate armour for 572 gold pieces
  1998 | D        | Bought the +2 hat of the Bear Spirit {Spirit, *Rage Will++}
                  | for 872 gold pieces
  1998 | D        | Found the +2 hat of the Bear Spirit {Spirit, *Rage Will++}
  1998 | D        | Bought an embroidered cloak for 187 gold pieces
  2023 | D        | Noticed a swamp dragon
  2032 | D        | Killed a swamp dragon
  2033 | D        | Reached skill level 17 in Axes
  2036 | D        | Reached skill level 15 in Armour
  2089 | D        | Noticed a death knight
  2103 | D        | Killed a death knight
  2169 | D        | Noticed a fire giant
  2180 | D        | Killed a fire giant
  2181 | D        | Reached XP level 12. HP: 125/125 MP: 8/12
  2562 | D        | Noticed a bone dragon
  2562 | D        | Noticed a deep elf master archer
  2562 | D        | Noticed a vampire knight
  2562 | D        | Noticed a nagaraja
  2575 | D        | Killed a deep elf master archer
  2580 | D        | Reached skill level 15 in Fighting
  2581 | D        | Killed a bone dragon
  2582 | D        | Reached skill level 18 in Axes
  2585 | D        | Killed a vampire knight
  2601 | D        | Killed a nagaraja
  2779 | D        | Noticed a royal mummy
  2781 | D        | Noticed a death scarab
  2781 | D        | Noticed a death scarab
  2781 | D        | Noticed a death scarab
  2787 | D        | Noticed a death scarab
  2791 | D        | Killed a royal mummy
  2991 | D        | Noticed an ice dragon
  2996 | D        | Killed an ice dragon
  2997 | D        | Reached XP level 13. HP: 139/139 MP: 13/13
  2999 | D        | Noticed a Brimstone Fiend
  3005 | D        | Killed a Brimstone Fiend
  3006 | D        | Reached skill level 19 in Axes
  3012 | D        | Noticed a royal mummy
  3016 | D        | Noticed an emperor scorpion
  3016 | D        | Noticed an emperor scorpion
  3026 | D        | Killed a royal mummy
  3304 | D        | Noticed a vampire knight
  3305 | D        | Noticed an orc warlord
  3305 | D        | Noticed an orc warlord
  3325 | D        | Killed an orc warlord
  3349 | D        | HP: 2/143 [vampire knight/+0 war axe (8)]
  3357 | D        | Slain by a catoblepas

Illustrated notes

Levels and vault maps discovered:
D:        pitsprint [storerooms_1, entrance_room_1, metal_vault_4, armoury_1,
          mini_pit_1, grid_room_1, main_hall_1, silver_pit, the_coven_1,
          the_vestibule_1, steel_vault_5, golden_pit, hallway_of_sentries,
          crystal_vault_1, iron_vault_4, final_vault]

Skill      XL: |  1  2  3  4  5  6  7  8  9 10 11 12 13 |
---------------+----------------------------------------+-----
Fighting       | 3 4 5 7 8 10 12 14 16 17 | 17.7
Axes           | 2 3 4 9 11 13 15 17 18 19 | 19.9
Armour         | 4 6 7 10 11 12 14 15 17 18 | 18.3
Shields        | 5 6 7 8 9 11 13 14 | 14.0
Dodging        | 3 4 5 6 7 |  7.8
Stealth        | 1 |  1.2
Throwing       | 1 2 |  2.1

Action                   |  1- 3 |  4- 6 |  7- 9 | 10-12 | 13-15 || total
-------------------------+-------+-------+-------+-------+-------++-------
Melee: Hand axe          |    29 |    51 |    24 |       |       ||   104
       War axe           |     5 |       |    54 |   230 |    45 ||   334
       Tailslap          |     1 |     2 |    19 |    39 |    13 ||    74
Throw: Dart              |       |       |       |     3 |       ||     3
Invok: Potion Petition   |       |       |       |     2 |     2 ||     4
       Call Merchant     |       |       |       |     3 |       ||     3
  Use: Potion            |     1 |     1 |     4 |    12 |     6 ||    24
       Scroll            |       |       |       |     1 |     2 ||     3
 Stab: Distracted        |       |       |     1 |     1 |       ||     2
       Invisible         |       |       |       |     1 |    12 ||    13
Armor: Scale mail        |    25 |     6 |       |       |       ||    31
       Ring mail         |       |    19 |     3 |       |       ||    22
       Chain mail        |       |       |    27 |    83 |       ||   110
       Skin              |       |       |       |    60 |       ||    60
       Plate armour      |       |       |       |    47 |    53 ||   100
Dodge: Dodged            |    12 |    17 |    27 |    87 |    30 ||   173
Block: Buckler           |     9 |    10 |    16 |    76 |    20 ||   131

Table legend: (Time is in decaauts)
 A = Elapsed time spent in this place.
 B = Non-inter-level travel time spent in this place.
 C = Inter-level travel time spent in this place.
 D = Time resting spent in this place.
 E = Time spent auto-exploring this place.
 F = Levels seen in this place.
 G = Mean time per level.
                   A        B        C        D        E       F      G
               +--------+--------+--------+--------+--------+-----+--------+
         Total |   3334 |   3334 |      0 |   1882 |     28 |   1 | 3334.0 |
       Dungeon |   3334 |   3334 |      0 |   1882 |     28 |   1 | 3334.0 |
               +--------+--------+--------+--------+--------+-----+--------+

Top non-repeatable levels by time:
       D: 3334 daAuts
